[Event "Titled Tuesday Blitz November 22 Early 2022"]
[White "Zanette, Edgard Vinicius"]
[Black "Ozates, Tuna"]
[WhiteFideId "2109263"]
[BlackFideId "6354521"]
[WhiteElo "2211"]
[BlackElo "2151"]
[Result "1-0"]
[Round "07"]
[TimeControl "180+1"]
[Date "2022.11.23"]
[WhiteClock "0:00:14"]
[BlackClock "0:01:00"]

1. e4 Nf6 2. e5 Nd5 3. d4 d6 4. c4 Nb6 5. exd6 exd6 6. Nc3 Be7 7. Be3 O-O 8. Nf3 Bg4 9. b3 Bf6 10. Be2 d5 11. c5 Nc8 12. h3 Bxf3 13. Bxf3 Ne7 14. O-O c6 15. g4 g6 16. Qd2 Bg7 17. Bg2 f5 18. Bg5 Nd7 19. Rae1 Bf6 20. Bh6 Re8 21. g5 Bh8 22. Re6 Nf8 23. Re2 Qd7 24. Rfe1 Rad8 25. h4 Nc8 26. Rxe8 Rxe8 27. Rxe8 Qxe8 28. Nxd5 cxd5 29. Bxd5+ Ne6 30. Bxb7 Bxd4 31. Bd5 Bg7 32. Qe3 Kf7 33. Bxg7 Kxg7 34. Qxe6 Qxe6 35. Bxe6 Ne7 36. f4 Nc6 37. Kf2 Kf8 38. Bd5 Nb4 39. Bf3 Nxa2 40. Ke3 Ke7 41. Kd4 Nb4 42. c6 Kd6 43. h5 gxh5 44. Bxh5 Nxc6+ 45. Kc4 Ne7 46. Bf7 a6 47. b4 Ng6 48. Bxg6 hxg6 49. Kd4 Kc6 50. Ke5 Kb5 51. Kf6 Kxb4 52. Kxg6 a5 53. Kxf5 a4 54. g6 a3 55. g7 a2 56. g8=Q a1=Q 57. Qb8+ Kc5 58. Qe5+ 1-0


[Site "https://www.chess.com"]

[Event "Titled Tuesday Blitz November 22 Early 2022"]
[White "Zemlyanskii, Ivan"]
[Black "Garv Gaur"]
[WhiteFideId "24249971"]
[BlackFideId "45030839"]
[WhiteElo "2107"]
[BlackElo "1960"]
[Result "1-0"]
[Round "07"]
[TimeControl "180+1"]
[Date "2022.11.23"]
[WhiteClock "0:01:17"]
[BlackClock "0:00:17"]

1. d4 Nf6 2. c4 e6 3. Nf3 d5 4. g3 Bb4+ 5. Nbd2 O-O 6. Bg2 b6 7. O-O Bb7 8. Qc2 Nbd7 9. a3 Be7 10. cxd5 exd5 11. Nb1 Ne4 12. Nc3 c5 13. Rd1 Ndf6 14. Bf4 cxd4 15. Nxd4 Rc8 16. Qb3 Nxc3 17. bxc3 Bc5 18. Bg5 Re8 19. e3 Re5 20. Bxf6 Qxf6 21. Rac1 Rce8 22. Qa4 a5 23. c4 Bxd4 24. Rxd4 Bc6 25. Qb3 dxc4 26. Qxb6 R5e6 27. Qxa5 Ra8 28. Qc3 Bxg2 29. Kxg2 h6 30. Rxc4 Qxc3 31. R1xc3 Ra5 32. a4 Rea6 33. Ra3 Kf8 34. Ra2 Ra7 35. Kf3 Ke7 36. Ke2 Kd6 37. Rd4+ Ke5 38. Kd3 g6 39. Rb4 Kd5 40. Kc3 h5 41. Kb3 Ke6 42. Rb5 R5a6 43. a5 Kd7 44. Kb4 Kc6 45. Rc2+ Kd6 46. Rb6+ 1-0


[Site "https://www.chess.com"]

[Event "Titled Tuesday Blitz November 22 Early 2022"]
[White "monkins"]
[Black "Seletsky, Grigory"]
[BlackFideId "14112191"]
[WhiteElo "2146"]
[BlackElo "2492"]
[Result "0-1"]
[Round "07"]
[TimeControl "180+1"]
[Date "2022.11.23"]
[WhiteClock "0:00:01"]
[BlackClock "0:00:23"]

1. Nf3 d5 2. c4 c6 3. g3 Nf6 4. Bg2 Bf5 5. O-O e6 6. d3 Nbd7 7. Nbd2 h6 8. Rb1 a5 9. a3 Bh7 10. b4 axb4 11. axb4 Be7 12. b5 O-O 13. bxc6 bxc6 14. Qc2 Rc8 15. Bb2 Ne8 16. Rfc1 Nd6 17. Nd4 c5 18. N4f3 Bf6 19. Ra1 Bxb2 20. Qxb2 Rb8 21. Qa3 d4 22. Nb3 Qc7 23. Nfd2 Rfc8 24. Qa5 e5 25. h4 f5 26. Qxc7 Rxc7 27. Ra6 Rb6 28. Rxb6 Nxb6 29. Ra1 e4 30. Ra6 Ndc8 31. Ra5 exd3 32. exd3 Nd7 33. Bd5+ Kf8 34. Ra8 Ke7 35. f4 Bg6 36. Ra5 Bh5 37. Bf3 Bxf3 38. Nxf3 Nd6 39. Ne5 Nb7 40. Ra7 Nxe5 41. fxe5 Kd7 42. Rxb7 Rxb7 43. Nxc5+ Kc6 44. Nxb7 Kxb7 45. c5 Kc6 46. e6 g5 47. h5 Kc7 48. Kf2 Kc6 0-1


[Site "https://www.chess.com"]

[Event "Titled Tuesday Blitz November 22 Early 2022"]
[White "Adithya A Chullikkad"]
[Black "Fernandez Hernandez, Gerardo"]
[WhiteFideId "45078734"]
[BlackFideId "2207400"]
[WhiteElo "2106"]
[BlackElo "2228"]
[Result "0-1"]
[Round "08"]
[TimeControl "180+1"]
[Date "2022.11.23"]
[WhiteClock "0:01:31"]
[BlackClock "0:01:56"]

1. d4 Nf6 2. c4 c5 3. d5 b5 4. cxb5 a6 5. bxa6 g6 6. Nc3 Bg7 7. e4 O-O 8. Nf3 Qa5 9. Bd2 d6 10. Be2 Bxa6 11. O-O Bxe2 12. Qxe2 Qa6 13. Qxa6 Nxa6 14. e5 Nd7 15. exd6 exd6 16. Bf4 Rfb8 17. Rab1 Rb6 18. Na4 Rb4 19. Bxd6 Rxa4 20. Rfe1 Rxa2 21. b4 cxb4 22. Bxb4 Nxb4 23. Rxb4 Bc3 0-1


[Site "https://www.chess.com"]

[Event "Titled Tuesday Blitz November 22 Early 2022"]
[White "Ai, Evan"]
[Black "Bristy, Mukherjee"]
[WhiteFideId "2094770"]
[BlackFideId "25077325"]
[WhiteElo "1963"]
[BlackElo "1715"]
[Result "1-0"]
[Round "08"]
[TimeControl "180+1"]
[Date "2022.11.23"]
[WhiteClock "0:01:41"]
[BlackClock "0:00:08"]

1. e4 b6 2. d4 Bb7 3. Nc3 d6 4. Be3 e5 5. dxe5 dxe5 6. Bb5+ c6 7. Qxd8+ Kxd8 8. Bc4 Ke8 9. a4 Nd7 10. O-O-O Ngf6 11. f3 a6 12. g4 b5 13. Bb3 Bb4 14. g5 Nh5 15. Bxf7+ Kxf7 16. Rxd7+ Ke6 17. Rxb7 Bxc3 18. bxc3 bxa4 19. Nh3 Rhb8 20. Rb4 Rxb4 21. cxb4 a5 22. Bc5 axb4 23. Bxb4 Rb8 24. Ba3 Rb7 25. Kd2 Rf7 26. Ke3 Rb7 27. Rd1 Kf7 28. Rd6 Rb6 29. g6+ hxg6 30. Ng5+ Ke8 31. Re6+ Kd8 32. Nf7+ Kd7 33. Re7+ Kc8 34. Nxe5 Rb1 35. Bd6 Rd1 36. Rc7+ Kd8 37. Nxc6+ Ke8 38. Re7+ Kf8 39. Nd4 Kg8 40. e5 g5 41. Ne6 Rc1 42. Nxg5 g6 43. Re8+ Kg7 44. Bf8+ Kg8 45. Bh6# 1-0


[Site "https://www.chess.com"]

[Event "Titled Tuesday Blitz November 22 Early 2022"]
[White "Ajay, Karthikeyan"]
[Black "Madaminov, Mukhiddin"]
[WhiteFideId "35011685"]
[BlackFideId "14210703"]
[WhiteElo "2337"]
[BlackElo "2341"]
[Result "0-1"]
[Round "08"]
[TimeControl "180+1"]
[Date "2022.11.22"]
[WhiteClock "0:00:05"]
[BlackClock "0:00:38"]

1. e4 e5 2. Nf3 Nc6 3. Bb5 a6 4. Ba4 Nf6 5. O-O Nxe4 6. Re1 Nc5 7. Bxc6 dxc6 8. d4 Ne6 9. dxe5 Qxd1 10. Rxd1 b6 11. Nc3 c5 12. Ng5 Bb7 13. Nxe6 fxe6 14. a4 Be7 15. Be3 Bc6 16. b3 Kf7 17. Rd2 h5 18. h3 g5 19. Rf1 g4 20. Kh2 Kg6 21. Ne2 Rag8 22. Nf4+ Kf5 23. Rfd1 gxh3 24. g3 h4 25. Rd7 hxg3+ 26. fxg3 Bxd7 27. Rxd7 Bd8 28. Rf7+ Ke4 29. Bf2 Rf8 30. Rd7 Bg5 31. Nd3 Kf3 32. Rxc7 Ke2 33. Bg1 Kd2 34. b4 Kxc2 35. Nf2 Be3 36. Ng4 Bxg1+ 37. Kxg1 Rhg8 38. Nf6 Rxg3+ 39. Kh2 Rg2+ 40. Kxh3 Rg5 41. bxc5 Rh8+ 42. Nh7 bxc5 43. Rxc5+ Kb3 44. Rc7 Kxa4 45. Kh4 Rg1 46. Kh5 Rxh7+ 47. Rxh7 Rh1+ 48. Kg6 Rxh7 49. Kxh7 Kb5 50. Kg6 Kc6 51. Kg5 Kd5 52. Kf4 a5 53. Ke3 Kxe5 54. Kd3 Kd5 0-1


[Site "https://www.chess.com"]

[Event "Titled Tuesday Blitz November 22 Early 2022"]
[White "Ansh M Shah"]
[Black "Averjanov, Alexey"]
[WhiteFideId "25033379"]
[BlackFideId "14109867"]
[WhiteElo "2084"]
[BlackElo "2601"]
[Result "0-1"]
[Round "08"]
[TimeControl "180+1"]
[Date "2022.11.23"]
[WhiteClock "0:00:02"]
[BlackClock "0:01:15"]

1. d4 d5 2. c4 dxc4 3. e3 Nf6 4. Bxc4 e6 5. Nf3 a6 6. a4 c5 7. O-O Nc6 8. Nc3 cxd4 9. exd4 Nb4 10. Bg5 Be7 11. Re1 O-O 12. Qb3 Nc6 13. Qd1 Nb4 14. Qb3 Nc6 15. Qd1 Nd5 16. Bxd5 exd5 17. Bxe7 Nxe7 18. Qb3 Qd6 19. Ne5 Be6 20. a5 Rfc8 21. Na4 Rc7 22. Nb6 Rd8 23. Rac1 f6 24. Nf3 Kf7 25. h3 Nf5 26. Qd3 h5 27. g4 hxg4 28. hxg4 Nh6 29. g5 Nf5 30. Rxc7+ Qxc7 31. g6+ Kxg6 32. Rxe6 Qc1+ 33. Re1 Qf4 34. Nh2 Rh8 35. Nf1 Kf7 36. Ng3 Rh3 37. Qxf5 Rxg3+ 38. fxg3 Qxf5 39. Na4 Qd3 40. Kf2 Qxd4+ 0-1


[Site "https://www.chess.com"]

[Event "Titled Tuesday Blitz November 22 Early 2022"]
[White "Aradhya, Garg"]
[Black "Derjabin, Ilja"]
[WhiteFideId "25006746"]
[BlackFideId "14104768"]
[WhiteElo "2223"]
[BlackElo "2312"]
[Result "1-0"]
[Round "08"]
[TimeControl "180+1"]
[Date "2022.11.23"]
[WhiteClock "0:01:25"]
[BlackClock "0:00:34"]

1. d4 Nf6 2. c4 c5 3. dxc5 Na6 4. Be3 e6 5. Nc3 Nxc5 6. Nf3 a5 7. g3 Be7 8. Bg2 O-O 9. O-O d6 10. Nd4 Ng4 11. Bd2 a4 12. Ndb5 Ne5 13. Ne4 Nxc4 14. Bc3 Nxe4 15. Bxe4 d5 16. Bc2 Bf6 17. Qd3 g6 18. b3 Ne5 19. Qe3 axb3 20. axb3 Rxa1 21. Rxa1 Bd7 22. Bxe5 Bxb5 23. Ra8 Qe7 24. Bxf6 Qxf6 25. Rxf8+ Kxf8 26. Qc5+ Kg7 27. Qxb5 Qc3 28. Bd3 Qc6 29. Qxc6 bxc6 30. f4 1-0


[Site "https://www.chess.com"]

[Event "Titled Tuesday Blitz November 22 Early 2022"]
[White "Arbunic Castro, Giovanna"]
[Black "Zaichenko, Daria"]
[WhiteFideId "3400549"]
[BlackFideId "4197453"]
[WhiteElo "1973"]
[BlackElo "2039"]
[Result "0-1"]
[Round "08"]
[TimeControl "180+1"]
[Date "2022.11.23"]
[WhiteClock "0:00:02"]
[BlackClock "0:00:20"]

1. e4 c5 2. g3 d6 3. Bg2 Nf6 4. Ne2 Nc6 5. O-O e5 6. c3 Be6 7. d4 Be7 8. d5 Bd7 9. dxc6 Bxc6 10. f3 O-O 11. Be3 b5 12. Nd2 d5 13. exd5 Nxd5 14. Bf2 f5 15. c4 Nb4 16. Nc3 Nd3 17. cxb5 Bb7 18. Nc4 Bf6 19. Qd2 e4 20. fxe4 Nxf2 21. Kxf2 Bd4+ 22. Ke2 fxe4 23. Nxe4 Qd7 24. Ncd6 Qg4+ 25. Kd3 Bd5 26. Rxf8+ Rxf8 27. h3 Qg6 28. Rf1 Rd8 29. Qf4 Bxe4+ 30. Bxe4 Qxd6 31. Qf5 Be5+ 32. Ke3 Qd2+ 33. Kf3 Rf8 34. Qxf8+ Kxf8 35. Kg4+ Ke7 36. Rf5 Bf6 37. a4 Qe2+ 38. Bf3 Qe6 39. Kf4 g5+ 40. Kg4 h5+ 0-1


[Site "https://www.chess.com"]

[Event "Titled Tuesday Blitz November 22 Early 2022"]
[White "Bacrot, Etienne"]
[Black "Ezat, Mohamed"]
[WhiteFideId "605506"]
[BlackFideId "10600906"]
[WhiteElo "2666"]
[BlackElo "2386"]
[Result "1-0"]
[Round "08"]
[TimeControl "180+1"]
[Date "2022.11.23"]
[WhiteClock "0:00:17"]
[BlackClock "0:00:11"]

1. e4 c6 2. Nf3 d5 3. Nc3 Bg4 4. h3 Bh5 5. exd5 cxd5 6. g4 Bg6 7. Ne5 Nc6 8. d4 e6 9. h4 f6 10. Nxg6 hxg6 11. Be3 Bb4 12. Qd3 Nge7 13. a3 Qa5 14. Bd2 Rc8 15. Rd1 a6 16. Qe3 Bd6 17. Qxe6 Nxd4 18. Qxd6 Nxc2+ 19. Ke2 Nd4+ 20. Kd3 Ndc6 21. Bg2 Ne5+ 22. Ke2 Nc4 23. Qxe7+ Kxe7 24. Nxd5+ Qxd5 25. Bxd5 b5 26. Bb4+ Ke8 27. b3 Ne5 28. f4 Rc2+ 29. Rd2 Rxd2+ 30. Kxd2 Nxg4 31. Re1+ Kd8 32. Ba5+ Kd7 33. Be6+ Kc6 34. Bxg4 Rxh4 35. Bf3+ Kc5 36. Rc1+ Kd6 37. Ke3 g5 38. fxg5 fxg5 39. Rg1 Rh2 40. Rxg5 Rb2 41. Bd1 Rb1 42. Bc2 Rf1 43. Rg6+ Ke5 44. Bc7+ Kd5 45. Be4+ Kc5 46. Bb6# 1-0


[Site "https://www.chess.com"]

[Event "Titled Tuesday Blitz November 22 Early 2022"]
[White "Balabayeva, Xeniya"]
[Black "Vaishali, Rameshbabu"]
[WhiteFideId "13719688"]
[BlackFideId "5091756"]
[WhiteElo "2041"]
[BlackElo "2351"]
[Result "0-1"]
[Round "08"]
[TimeControl "180+1"]
[Date "2022.11.23"]
[WhiteClock "0:00:01"]
[BlackClock "0:00:46"]

1. d4 Nf6 2. c4 e6 3. Nc3 Bb4 4. Bd2 c5 5. e3 Bxc3 6. Bxc3 Ne4 7. Qc2 Nxc3 8. Qxc3 cxd4 9. exd4 O-O 10. Nf3 d5 11. c5 Nc6 12. Bb5 Bd7 13. Bxc6 bxc6 14. O-O f6 15. Rfe1 Qc7 16. Re3 Rae8 17. Rae1 Kh8 18. R1e2 g5 19. Ne1 Qf4 20. Rf3 Qc7 21. Rfe3 Re7 22. Nd3 Kg8 23. Qd2 Rff7 24. Rg3 Rg7 25. f4 h6 26. fxg5 hxg5 27. Rf2 Ref7 28. Qe3 a5 29. Rff3 Qd8 30. Qf2 Qe7 31. h4 g4 32. Rf4 e5 33. dxe5 fxe5 34. Rxf7 Rxf7 35. Qe3 e4 36. Nf2 Qxh4 37. Nh1 Bc8 38. Nf2 Kf8 39. a3 a4 0-1


[Site "https://www.chess.com"]

[Event "Titled Tuesday Blitz November 22 Early 2022"]
[White "Barria Zuniga, Daniel"]
[Black "Yurasova, Daria"]
[WhiteFideId "3400816"]
[BlackFideId "34146919"]
[WhiteElo "2414"]
[BlackElo "2097"]
[Result "1-0"]
[Round "08"]
[TimeControl "180+1"]
[Date "2022.11.23"]
[WhiteClock "0:00:05"]
[BlackClock "0:00:04"]

1. c4 c5 2. g3 Nf6 3. Bg2 e6 4. Nf3 d6 5. d4 cxd4 6. Nxd4 Be7 7. O-O O-O 8. Nc3 a6 9. b3 Qc7 10. Bb2 Nc6 11. Rc1 Rb8 12. Nd5 exd5 13. cxd5 Nxd5 14. Bxd5 Bh3 15. Nxc6 bxc6 16. Rxc6 Qa5 17. Re1 Qxa2 18. Bc3 Be6 19. e4 Rbc8 20. b4 Qa3 21. Re3 Rxc6 22. Bxc6 Qa2 23. Bd5 Bxd5 24. exd5 Bg5 25. Qg4 Qxd5 26. h4 Bh6 27. Rf3 g6 28. Qd4 Qxd4 29. Bxd4 Bg7 30. Rd3 Rd8 31. Bb6 Rd7 32. Ra3 d5 33. Rxa6 Be5 34. Bc5 Kg7 35. b5 d4 36. b6 d3 37. Ra1 d2 38. Rd1 Bb2 39. Kf1 Bc1 40. Ke2 Kf6 41. Be3 Ke6 42. Bxd2 Bxd2 43. Rxd2 Rb7 44. Rb2 Kd5 45. Kf3 f6 46. Kf4 Kc6 47. g4 h6 48. g5 hxg5+ 49. hxg5 fxg5+ 50. Kxg5 Kc5 51. Kxg6 Kd4 52. f4 Kc3 53. Rb1 1-0


[Site "https://www.chess.com"]

[Event "Titled Tuesday Blitz November 22 Early 2022"]
[White "Bashirli, Saadat"]
[Black "Cramling Bellon, Anna"]
[WhiteFideId "13429990"]
[BlackFideId "32009232"]
[WhiteElo "1408"]
[BlackElo "1972"]
[Result "1-0"]
[Round "08"]
[TimeControl "180+1"]
[Date "2022.11.23"]
[WhiteClock "0:01:48"]
[BlackClock "0:00:02"]

1. d4 Nf6 2. c4 e6 3. Nc3 d5 4. cxd5 exd5 5. Bg5 Be7 6. e3 c6 7. Qc2 Bg4 8. Bd3 h6 9. Bh4 O-O 10. f3 Be6 11. Nge2 Nbd7 12. O-O c5 13. Bf5 Bxf5 14. Qxf5 cxd4 15. Nxd4 g6 16. Qf4 g5 17. Bxg5 hxg5 18. Qxg5+ Kh8 19. Nf5 Rg8 20. Qh4+ Nh7 21. Qxe7 Rg5 22. Qxd8+ Rxd8 23. Nd6 Rg7 24. Rad1 Rdg8 25. g3 Ng5 26. Nf5 Rh7 27. Nxd5 Rh5 28. Nf4 1-0


[Site "https://www.chess.com"]

[Event "Titled Tuesday Blitz November 22 Early 2022"]
[White "Baskakov, Egor"]
[Black "Osmak, Yuliia"]
[WhiteFideId "24197866"]
[BlackFideId "14101602"]
[WhiteElo "2211"]
[BlackElo "2328"]
[Result "0-1"]
[Round "08"]
[TimeControl "180+1"]
[Date "2022.11.23"]
[WhiteClock "0:00:15"]
[BlackClock "0:00:08"]

1. e4 c5 2. Nf3 d6 3. d4 cxd4 4. Nxd4 Nf6 5. Nc3 a6 6. a4 e6 7. g3 Be7 8. Bg2 Nc6 9. O-O O-O 10. Nce2 Bd7 11. c4 Rc8 12. b3 Nb4 13. h3 Bc6 14. Bd2 d5 15. Nxc6 bxc6 16. exd5 cxd5 17. cxd5 Nfxd5 18. Nf4 Bf6 19. Rc1 Rxc1 20. Qxc1 Nxf4 21. Bxf4 Nd3 22. Qe3 Nxf4 23. Qxf4 Qd3 24. b4 Qb3 25. a5 Bc3 26. Be4 Qxb4 27. Rd1 f5 28. Bd3 Qxf4 29. gxf4 Bxa5 30. Bxa6 Bc7 31. Bc4 Re8 32. Rd4 Kf7 33. Bb5 Re7 34. Kg2 Kf6 35. Kf3 h6 36. h4 g6 37. Rc4 Bb8 38. Rc6 Rd7 39. Rb6 Rd8 40. Bc4 Bd6 41. Bb3 Ke7 42. Rb7+ Rd7 43. Rb6 Rc7 44. Kg2 Rc3 45. Ba2 Rc2 46. Bb3 Rxf2+ 47. Kg3 Rxf4 48. Kh3 Rf3+ 49. Kg2 Rc3 50. Kf2 Bc5+ 0-1


[Site "https://www.chess.com"]

[Event "Titled Tuesday Blitz November 22 Early 2022"]
[White "Bazeev, German"]
[Black "Orlov, Georgi"]
[WhiteFideId "24119350"]
[BlackFideId "2011271"]
[WhiteElo "2493"]
[BlackElo "2549"]
[Result "1-0"]
[Round "08"]
[TimeControl "180+1"]
[Date "2022.11.23"]
[WhiteClock "0:00:32"]
[BlackClock "0:00:20"]

1. d4 Nf6 2. c4 Nc6 3. Nf3 e6 4. Bg5 h6 5. Bxf6 Qxf6 6. Nc3 Bb4 7. e3 d6 8. Bd3 Bxc3+ 9. bxc3 e5 10. Nd2 O-O 11. O-O Qe7 12. Qc2 f5 13. Rae1 Bd7 14. f4 e4 15. Be2 Nd8 16. Rf2 c5 17. g4 fxg4 18. Qxe4 Qf7 19. d5 a6 20. Bd3 Bf5 21. Qxf5 Qxf5 22. Bxf5 Rxf5 23. e4 Rf8 24. e5 dxe5 25. fxe5 Rxf2 26. Kxf2 Nf7 27. e6 Nd6 28. Ne4 Rf8+ 29. Kg3 Nxc4 30. d6 Rf3+ 31. Kg2 Rd3 32. e7 Kf7 33. Ng5+ 1-0


[Site "https://www.chess.com"]

[Event "Titled Tuesday Blitz November 22 Early 2022"]
[White "Begunov, Konstantin"]
[Black "Can, Isik"]
[WhiteFideId "4118510"]
[BlackFideId "6383742"]
[WhiteElo "2140"]
[BlackElo "2374"]
[Result "0-1"]
[Round "08"]
[TimeControl "180+1"]
[Date "2022.11.23"]
[WhiteClock "0:00:04"]
[BlackClock "0:00:32"]

1. d4 d5 2. c4 c6 3. Nc3 Nf6 4. cxd5 cxd5 5. Bf4 Nc6 6. e3 Bf5 7. Bb5 e6 8. Qa4 Qb6 9. Nf3 Be7 10. Ne5 Rc8 11. Bg5 a6 12. Bxc6+ bxc6 13. O-O h6 14. Bh4 g5 15. Bg3 Qxb2 16. Qxa6 O-O 17. Nxc6 Ba3 18. Nb5 Ra8 19. Qb7 Bd3 20. Ne7+ Kh7 21. Be5 Bxf1 22. Rxf1 Bxe7 23. Qxe7 Ng8 24. Qd7 Rad8 25. Qc6 Rc8 26. Qd7 Rc1 27. h4 Rxf1+ 28. Kxf1 Qb1+ 29. Ke2 Qxa2+ 30. Kf3 Qa4 31. hxg5 hxg5 32. Bd6 Nf6 33. Qe7 Qd1+ 34. Kg3 Ne4+ 35. Kh2 Qh5+ 36. Kg1 Ra8 0-1


[Site "https://www.chess.com"]

[Event "Titled Tuesday Blitz November 22 Early 2022"]
[White "Berezin, Viktor"]
[Black "Kuznetsov, Mikhail"]
[WhiteFideId "14107872"]
[BlackFideId "4117190"]
[WhiteElo "2310"]
[BlackElo "1981"]
[Result "0-1"]
[Round "08"]
[TimeControl "180+1"]
[Date "2022.11.23"]
[WhiteClock "0:00:41"]
[BlackClock "0:00:15"]

1. d4 Nf6 2. Nf3 g6 3. g3 Bg7 4. Bg2 O-O 5. O-O d5 6. c4 c6 7. cxd5 cxd5 8. Nc3 Ne4 9. Nd2 Bxd4 10. Ndxe4 dxe4 11. Nxe4 Nc6 12. e3 Bg7 13. Qe2 Bf5 14. Rd1 Qb6 15. Nc3 Rfd8 16. Nd5 Qa6 17. Qxa6 bxa6 18. e4 Bg4 19. f3 Be6 20. Be3 Bxb2 21. Rab1 Bg7 22. f4 Bg4 23. Rdc1 Nd4 24. Kf2 e6 25. Nc7 Rac8 26. h3 Ne2 27. Rc4 Nc3 28. Rxc3 Bxc3 29. Nxa6 Rd1 30. Rxd1 Bxd1 31. e5 Rc4 32. Bf1 Ra4 33. Bxa7 Rxa2+ 34. Ke3 Be1 35. Ke4 Bxg3 36. Bd4 Ra3 37. Bg2 Bc2# 0-1


[Site "https://www.chess.com"]

[Event "Titled Tuesday Blitz November 22 Early 2022"]
[White "Bluebaum, Matthias"]
[Black "Jobava, Baadur"]
[WhiteFideId "24651516"]
[BlackFideId "13601520"]
[WhiteElo "2633"]
[BlackElo "2582"]
[Result "0-1"]
[Round "08"]
[TimeControl "180+1"]
[Date "2022.11.22"]
[WhiteClock "0:00:09"]
[BlackClock "0:00:11"]

1. d4 Nf6 2. c4 c5 3. d5 g6 4. Nc3 Bg7 5. e4 d6 6. h3 O-O 7. Nf3 e6 8. Be3 exd5 9. cxd5 Re8 10. Nd2 Nbd7 11. Be2 a6 12. a4 Rb8 13. O-O h5 14. Bg5 Qc7 15. f4 c4 16. Bxc4 Qb6+ 17. Kh1 Qxb2 18. Rf3 Nh7 19. Rb1 Qa3 20. Bh4 Qc5 21. Bf2 Qc7 22. Rc1 Qd8 23. Bd3 Ndf8 24. Nc4 b5 25. axb5 axb5 26. Nxb5 Rxb5 27. Nxd6 Qxd6 28. Bxb5 Rd8 29. e5 Qb4 30. Bb6 Qxb5 31. Bxd8 Bf5 32. Be7 Be4 33. d6 Bxf3 34. Qxf3 g5 35. Qc6 Qd3 36. Qc4 Qd2 37. Rf1 gxf4 38. Rxf4 Ne6 39. Rf1 Bxe5 40. Qc8+ Kg7 41. Qe8 Nf6 42. Bxf6+ Bxf6 43. d7 Qd3 44. Rf4 Nxf4 45. Qe1 Qxd7 46. Qg3+ Ng6 47. Qe3 Qf5 48. Qg1 h4 49. Qd1 Qf4 50. Qe2 Be5 51. g3 Qc1+ 52. Kg2 hxg3 53. Kf3 Qf4+ 54. Kg2 Nh4+ 55. Kg1 Bd4+ 56. Kh1 g2+ 57. Qxg2+ Nxg2 58. h4 Qf1+ 59. Kh2 Be5+ 60. Kh3 Ne3# 0-1


[Site "https://www.chess.com"]

[Event "Titled Tuesday Blitz November 22 Early 2022"]
[White "Boraso, Alessio"]
[Black "Grabinsky, Vladimir"]
[WhiteFideId "848077"]
[BlackFideId "14107074"]
[WhiteElo "2286"]
[BlackElo "2198"]
[Result "1-0"]
[Round "08"]
[TimeControl "180+1"]
[Date "2022.11.23"]
[WhiteClock "0:00:18"]
[BlackClock "0:00:01"]

1. e4 c5 2. c3 Nf6 3. e5 Nd5 4. Nf3 d6 5. d4 cxd4 6. cxd4 Nc6 7. Bc4 dxe5 8. Nxe5 e6 9. Nxc6 bxc6 10. O-O Bd6 11. Nc3 Qh4 12. g3 Qh3 13. Ne4 Bc7 14. Ng5 Qf5 15. Bd3 Qf6 16. Ne4 Qxd4 17. Qf3 h5 18. Rd1 Qe5 19. h4 a5 20. Ng5 Qf6 21. Qe2 Bb6 22. Ne4 Qe5 23. Kh2 f6 24. Qf3 Kf7 25. Rb1 g5 26. Nxg5+ Kg7 27. Ne4 Ra7 28. b3 1-0


[Site "https://www.chess.com"]

[Event "Titled Tuesday Blitz November 22 Early 2022"]
[White "Boros, Denes"]
[Black "Horak, Martin"]
[WhiteFideId "722340"]
[BlackFideId "367095"]
[WhiteElo "2464"]
[BlackElo "2091"]
[Result "1-0"]
[Round "08"]
[TimeControl "180+1"]
[Date "2022.11.22"]
[WhiteClock "0:01:11"]
[BlackClock "0:00:01"]

1. d4 Nf6 2. Nc3 d5 3. Nf3 c5 4. Bg5 cxd4 5. Qxd4 Nc6 6. Qd3 e6 7. e4 dxe4 8. Nxe4 Qxd3 9. Bxd3 Be7 10. O-O-O Bd7 11. Rhe1 O-O-O 12. Bf4 Nxe4 13. Bxe4 f6 14. a3 Bc5 15. Be3 Bxe3+ 16. Rxe3 e5 17. b4 Ne7 18. Rc3+ Kb8 19. Rcd3 Kc7 20. Bxb7 Be6 21. Be4 Rxd3 22. Rxd3 f5 23. Rc3+ Kb6 24. Ng5 Bd5 25. Bd3 e4 26. Bf1 Rd8 27. h4 h6 28. Nh3 Ng6 29. a4 Nxh4 30. a5+ Kb7 31. Rc5 Bf7 32. Re5 1-0


[Site "https://www.chess.com"]

[Event "Titled Tuesday Blitz November 22 Early 2022"]
[White "Bortnyk, Olexandr"]
[Black "Gines Esteo, Pedro Antonio"]
[WhiteFideId "14120828"]
[BlackFideId "32080190"]
[WhiteElo "2723"]
[BlackElo "2422"]
[Result "1-0"]
[Round "08"]
[TimeControl "180+1"]
[Date "2022.11.22"]
[WhiteClock "0:02:07"]
[BlackClock "0:00:31"]

1. d4 Nf6 2. Nc3 d5 3. Bf4 e6 4. Nb5 Na6 5. e3 Be7 6. Nf3 O-O 7. Ne5 c6 8. Nc3 c5 9. Bxa6 bxa6 10. Nc6 Qe8 11. Nxe7+ Qxe7 12. O-O a5 13. Bg5 Ba6 14. Re1 Rab8 15. Rb1 h6 16. Bh4 Rfc8 17. a3 Rb7 18. dxc5 Qxc5 19. Bxf6 gxf6 20. Qg4+ Kf8 21. Qh4 Ke7 22. e4 d4 23. Nd5+ exd5 24. exd5+ Kd7 25. Qxf6 Qxd5 26. Re7+ 1-0


[Site "https://www.chess.com"]

[Event "Titled Tuesday Blitz November 22 Early 2022"]
[White "Boruchovsky, Avital"]
[Black "Ibarra Jerez, Jose Carlos"]
[WhiteFideId "2800055"]
[BlackFideId "2226332"]
[WhiteElo "2458"]
[BlackElo "2638"]
[Result "0-1"]
[Round "08"]
[TimeControl "180+1"]
[Date "2022.11.22"]
[WhiteClock "0:00:02"]
[BlackClock "0:00:18"]

1. e4 c5 2. Nf3 e6 3. d4 cxd4 4. Nxd4 Bc5 5. Nb3 Bb6 6. Nc3 Ne7 7. Bf4 d5 8. exd5 Nxd5 9. Nxd5 exd5 10. Bb5+ Nc6 11. O-O O-O 12. c3 Qf6 13. Qd2 h6 14. Be3 Bc7 15. Qxd5 Rd8 16. Qh5 Ne5 17. Bd4 Rd5 18. Bc4 Rxd4 19. cxd4 Nxc4 20. Rfc1 b5 21. Qxb5 Ba6 22. Qd7 Bf4 23. Re1 Kh7 24. g3 Nb6 25. Qg4 Bd6 26. Nc5 Bc8 27. Qe4+ Bf5 28. Qf3 Qg6 29. Ne4 Bb4 30. Re3 Rd8 31. a3 Rxd4 32. Nc3 Bc5 33. Re5 Bg4 34. Qg2 Nd7 35. Re4 Rd2 36. Rf1 Bf5 37. Rf4 Bd3 38. Nd5 Bxf1 39. Qxf1 Rxd5 40. Kg2 Ne5 41. Qa6 Qxa6 0-1


[Site "https://www.chess.com"]

[Event "Titled Tuesday Blitz November 22 Early 2022"]
[White "Buscar, Michael"]
[Black "Saravana, Krishnan P."]
[WhiteFideId "2603616"]
[BlackFideId "5018382"]
[WhiteElo "2010"]
[BlackElo "2155"]
[Result "0-1"]
[Round "08"]
[TimeControl "180+1"]
[Date "2022.11.23"]
[WhiteClock "0:00:20"]
[BlackClock "0:01:26"]

1. Nf3 Nf6 2. c4 c5 3. g3 d5 4. cxd5 Nxd5 5. Bg2 Nc6 6. O-O e5 7. Nc3 Nxc3 8. bxc3 Be7 9. d3 O-O 10. Nd2 Qc7 11. Nc4 Be6 12. Ne3 Rfd8 13. Qc2 Rac8 14. Rb1 b6 15. Qa4 Qd7 16. Rd1 Bh3 17. Qe4 Bxg2 18. Kxg2 g6 19. g4 Kg7 20. h4 Bxh4 21. Rh1 Bg5 22. c4 h6 23. Nd5 Qe6 24. Bxg5 hxg5 25. Rh3 Rh8 26. Rbh1 Rxh3 27. Rxh3 f5 28. gxf5 gxf5 29. Qe3 Qg6 30. Kf1 f4 31. Qc1 Rh8 32. Rxh8 Kxh8 33. Qa3 Qh5 34. Ke1 Nd4 35. f3 Nc2+ 0-1


[Site "https://www.chess.com"]